 Dungeon Crawl Stone Soup version 0.27.0-1-g7a089689b8 (webtiles) character file.

Game seed: 5570750125164430692

119 Descartes the Covert (level 4, -1/21 HPs)
             Began as a Felid Delver on Aug 13, 2021.
             Slain by a wraith (5 damage)
             ... in an ossuary.
             The game lasted 00:05:14 (1262 turns).

Descartes the Covert (Felid Delver)                 Turns: 1262, Time: 00:05:14

Health: -1/21      AC:  1    Str:  9    XL:     4   Next: 74%
Magic:  5/5        EV: 18    Int: 12    God:
Gold:   61         SH:  0    Dex: 17    Spells: 3/3 levels left
                                        Lives:  0   Deaths: 1

rFire    . . .     SeeInvis +     - Unarmed
rCold    . . .     Faith    .   (shield unavailable)
rNeg     . . .     Spirit   .   (armour unavailable)
rPois    .         Reflect  .   (helmet unavailable)
rElec    .         Harm     .   (cloak unavailable)
rCorr    .         Rampage  .   (gloves unavailable)
Will     .....                  (boots unavailable)
Stlth    +++++.....             g - amulet of the acrobat
HPRegen  0.07/turn              (no ring)
MPRegen  0.09/turn              (no ring)

@: quick
A: very small, claws 1, fangs 3, see invisible, speed 1, shaggy fur 1, stealthy
paws, no weapons or thrown items, no armour, multi-lived
a: no special abilities


You were in an ossuary.
You visited 1 branch of the dungeon, and saw 2 of its levels.
You also visited: Ossuary.

You collected 61 gold pieces.

Inventory:

Jewellery
 g - an amulet of the acrobat (around neck)
Wands
 e - a wand of digging (3)
Scrolls
 a - a scroll of fog
 b - a scroll of magic mapping
 c - 2 scrolls of fear
 h - 3 scrolls of blinking {unknown}
Potions
 i - a potion of degeneration


   Skills:
 - Level 3.0 Fighting
 + Level 3.5 Dodging
 - Level 10.0 Stealth
 + Level 2.6 Unarmed Combat


You had 3 spell levels left.
You didn't know any spells.
Your spell library was empty.

Dungeon Overview and Level Annotations

Branches:
Dungeon (5/15)            Ossuary (1/1)
 Temple: D:4-7

Altars:


Innate Abilities, Weirdness & Mutations

You have sharp claws.
You have razor-sharp teeth.
You have supernaturally acute eyesight. (SInv)
You cover ground quickly. (Speed+)
You are covered in fur. (AC +1)
Your paws help you pounce on unaware monsters.
You are incapable of wielding weapons or throwing items.
You cannot wear armour.
You gain extra lives every three experience levels.


Message History

You feel yourself speed up. The wraith barely misses you.
You scratch the wraith but do no damage.
The wraith is severely damaged.
You scratch the wraith.
The wraith is almost destroyed.
The wraith hits you!
Ouch! That really hurt!
You die...
You are now level 4!
You rejoin the land of the living...
You open the door.
There is an open door here.
You scratch the wraith but do no damage.
You bite the wraith, but do no damage.
The wraith is severely damaged.
The wraith barely misses you.
You completely miss the wraith.
The wraith is severely damaged.
The wraith hits you!
Ouch! That really hurt!
You scratch the wraith but do no damage.
The wraith is severely damaged.
The wraith hits you.
* * * LOW HITPOINT WARNING * * *
You scratch the wraith but do no damage.
You bite the wraith, but do no damage.
The wraith is severely damaged.
You scratch the wraith.
The wraith is almost destroyed.
The wraith closely misses you.
You scratch the wraith but do no damage.
You bite the wraith, but do no damage.
The wraith is almost destroyed.
The wraith hits you.
* * * LOW HITPOINT WARNING * * *
You barely miss the wraith.
The wraith is almost destroyed.
The wraith hits you.
You die...

#.∩.....................∩.
#.......#####+#####.......
#......##.........##......
#.....##..†#####...##.....
#....##..W##...##...##....
#....#...##.!.!.##...#....
#....+...#.!?!!..#...'....
#....#..W##..??.##...#....
#....##..@##...##...##....
#.....##...##'##...##.....
#......##.........##......
#.......#####'#####.......
#.∩.....................∩.
#.........................
############'''###########
####...#### #..'...'..#


You could see a wraith.

Vanquished Creatures
  Eustachio (D:4)
  A scorpion (D:5)
  A mummy (Ossuary)
  An ufetubus (D:5)
  An adder zombie (D:5)
  5 gnoll skeletons (Ossuary)
  7 kobold skeletons (Ossuary)
  13 orc skeletons (Ossuary)
  2 quokka zombies (D:4)
32 creatures vanquished.

Notes
Turn   | Place    | Note
-------+----------+-------------------------------------------
     0 | D:5      | Descartes the Felid Delver began the quest for the Orb.
     0 | D:5      | Reached XP level 1. HP: 10/10 MP: 2/2
    36 | D:5      | Reached skill level 7 in Stealth
    36 | D:5      | Reached XP level 2. HP: 6/14 MP: 3/3
   217 | D:5      | Noticed an ice beast
   234 | D:5      | Noticed a scorpion
   239 | D:5      | Killed a scorpion
   240 | D:5      | Reached skill level 8 in Stealth
   240 | D:5      | Reached XP level 3. HP: 17/17 MP: 4/4
   474 | D:4      | Noticed Eustachio
   478 | D:4      | Killed Eustachio
   479 | D:4      | Reached skill level 10 in Stealth
   479 | D:4      | Reached XP level 4. HP: 21/21 MP: 5/5
   479 | D:4      | Reached XP level 5. HP: 24/24 MP: 6/6
   481 | D:4      | Found a sand-covered staircase.
   499 | Ossuary  | Entered an ossuary
   499 | Ossuary  | Noticed a wraith
   499 | Ossuary  | Noticed a wraith
   499 | Ossuary  | Noticed a wraith
  1172 | Ossuary  | Noticed a wraith
  1226 | Ossuary  | HP: 1/24 [wraith (8)]
  1249 | Ossuary  | Mangled by a wraith
  1250 | Ossuary  | Reached XP level 4. HP: -11/21 MP: 5/5
  1262 | Ossuary  | Slain by a wraith

Illustrated notes

Levels and vault maps discovered:
D:4:      layout_basic, enter_ossuary_4, uniq_natasha, uniq_eustachio
D:5:      layout_rooms, uniq_duvessa
Ossuary:  ossuary_due_mausoleum

Skill      XL: |  1  2  3 |
---------------+----------+-----
Stealth        | 7 8 10 | 10.0
Dodging        | 3 |  3.5
Fighting       | |  3.0
Unarmed Combat | |  2.6

Action                   |  1- 3 |  4- 6 || total
-------------------------+-------+-------++-------
Melee: Unarmed           |     6 |   120 ||   126
       Punch             |     1 |       ||     1
       Bite              |       |    17 ||    17
  Use: Potion            |       |     5 ||     5
 Stab: Sleeping          |     3 |     5 ||     8
Armor: Skin              |       |     7 ||     7
Dodge: Dodged            |     4 |   106 ||   110
